 Dungeon Crawl Stone Soup version 0.30.1-11-g7821555f0a (webtiles) character file.

Game seed: 8215984622738053385

14298 PlopperPlops the Cleaver (level 12, -1/112 HPs)
             Began as a Hill Orc Monk on Dec 9, 2023.
             Was an Elder of Beogh.
             Slain by an elephant (2 damage)
             ... on level 5 of the Lair of Beasts on Dec 10, 2023.
             The game lasted 01:40:04 (17145 turns).

PlopperPlops the Cleaver (Hill Orc Monk)           Turns: 17145, Time: 01:40:05

Health: -1/112     AC: 22    Str: 24    XL:     12   Next: 15%
Magic:  22/22      EV: 10    Int: 10    God:    Beogh [****..]
Gold:   626        SH:  0    Dex: 16    Spells: 11/11 levels left

rFire   . . .        v - +2 hand axe (freeze)
rCold   . . .        d - orb {light}
rNeg    . . .        a - +1 chain mail
rPois   .            (no helmet)
rElec   .            (no cloak)
rCorr   .            (no gloves)
SInv    .            D - +0 pair of boots of Vehumet's Generosity {+Blink Str+5}
Will    .....        A - amulet "Neodd" {RegenMP Dex+3} Stlth
                     g - +4 ring of protection
HPRegen 0.38/turn    k - +4 ring of protection
MPRegen 0.58/turn

%: no passive effects
@: hasted (expiring), glowing, studying 2 skills, very quick
A: no striking features
a: Renounce Religion, Evoke Blink, Smiting, Recall Orcish Followers


You were on level 5 of the Lair of Beasts.
You worshipped Beogh.
Beogh was greatly pleased with you.
You visited 2 branches of the dungeon, and saw 14 of its levels.

You collected 691 gold pieces.
You spent 65 gold pieces at shops.

Inventory:

Hand Weapons
 c - a +1 halberd of venom
 v - a +2 hand axe of freezing (weapon)
 H - a +1 trident of freezing
 J - a +0 heavy mace
 O - a +2 rapier of speed
Armour
 a - a +1 chain mail (worn)
 d - an orb of light (worn)
 u - a +0 robe of resistance
 D - the +0 pair of boots of Vehumet's Generosity (worn) {+Blink Str+5}
   (You found it on level 8 of the Dungeon)

   Str:       It affects your strength (+5).
   +Blink:    It lets you blink.
 K - a +0 leather armour of fire resistance
 M - a +0 scale mail
 Q - a +0 chain mail
Jewellery
 g - a +4 ring of protection (left hand)
 k - a +4 ring of protection (right hand)
 o - a ring of protection from cold
 y - a +6 ring of strength
 A - the amulet "Neodd" (around neck) {RegenMP Dex+3}
   (You found it on level 1 of the Lair of Beasts)

   [amulet of magic regeneration]

   It increases your rate of magic regeneration.
   Dex:       It affects your dexterity (+3).
 G - a +6 ring of strength
 I - a ring of resist corrosion
 T - a ring of protection from fire
Wands
 w - a wand of flame (10)
Scrolls
 f - a scroll of immolation
 h - 4 scrolls of poison
 j - 2 scrolls of fog
 r - a scroll of teleportation
 t - 2 scrolls of brand weapon
 x - a scroll of summoning
 B - 2 scrolls of vulnerability
 C - a scroll of amnesia
 F - 7 scrolls of magic mapping
 L - 3 scrolls of identify
 U - a scroll of fear
Potions
 b - 3 potions of attraction
 e - a potion of might
 i - 2 potions of degeneration
 m - 3 potions of flight
 p - a potion of berserk rage {unknown}
 s - 4 potions of haste
 z - a potion of magic
 N - 3 potions of brilliance
 P - a potion of cancellation {unknown}
Miscellaneous
 l - a phantom mirror


   Skills:
 + Level 11.9 Fighting
 + Level 14.2 Axes
 + Level 10.1 Armour
 - Level 3.0 Dodging
 + Level 14.1 Invocations


You had 11 spell levels left.
You didn't know any spells.
Your spell library contained the following spells:

 Spells                   Type           Power      Damage    Failure   Level
 Apportation              Tloc           0%         N/A       85%         1
 Necrotise                Necr           0%         1d4       85%         1
 Summon Small Mammal      Summ           0%         N/A       85%         1
 Sublimation of Blood     Necr           0%         N/A       94%         2
 Wereblood                Tmut           0%         N/A       94%         2
 Dazzling Flash           Conj/Hex       0%         N/A       99%         3
 Stone Arrow              Conj/Erth      0%         3d7       99%         3
 Vampiric Draining        Necr           0%         2d6       99%         3
 Volatile Blastmotes      Fire/Tloc      0%         2d10      99%         3
 Animate Armour           Summ/Erth      0%         N/A       100%        4
 Iskenderun's Mystic Bla  Conj/Tloc      0%         2d3       100%        4
 Olgreb's Toxic Radiance  Pois           0%         N/A       100%        4
 Agony                    Necr           0%         N/A       100%        5
 Summon Forest            Summ/Tloc      0%         N/A       100%        5
 Summon Mana Viper        Hex/Summ       0%         N/A       100%        5
 Starburst                Conj/Fire      0%         6d3       100%        6
 Summon Cactus Giant      Summ           0%         N/A       100%        6
 Summon Hydra             Summ           0%         N/A       100%        7
 Discord                  Hex            0%         N/A       100%        8
 Ignition                 Fire           0%         3d3       100%        8
 Lehudib's Crystal Spear  Conj/Erth      0%         10d2      100%        8


Dungeon Overview and Level Annotations

Branches:
Dungeon (10/15)            Temple (0/1) D:6            Lair (5/5) D:9
 Shoals (0/4) Lair:2        Snake (0/4) Lair:2          Orc (0/2) D:9
  Slime: Lair:4-5

Altars:
Fedhas
Hepliaklqana
Makhleb
Qazlal
Vehumet
The Shining One
Beogh

Shops:
D:3 !

Annotations:
D:6 3 runed translucent doors, comborobin's ghost, weakling SpDe
Lair:5 exclusion: oklob plant


Message History

You freeze the elephant.
The elephant tramples you but does no damage.
The elephant trunk-slaps you but does no damage.
The elephant barely misses you.
The elephant trunk-slaps you but does no damage.
The elephant misses you.
The elephant trunk-slaps you but does no damage.
You hit the elephant but do no damage.
The elephant is severely wounded.
You hit the elephant. You freeze the elephant. You hit the elephant.
You freeze the elephant. You slash the elephant! You freeze the elephant.
The elephant is almost dead.
You hit the elephant. You freeze the elephant.
You hit the elephant but do no damage.
Unknown command.
You hit the elephant. You freeze the elephant.
The elephant is almost dead.
You hit the elephant but do no damage. You hit the elephant.
You freeze the elephant.
The elephant tramples you but does no damage.
The elephant closely misses you.
The elephant tramples you but does no damage.
The elephant misses you. The elephant closely misses you.
The elephant trunk-slaps you but does no damage.
You completely miss the elephant.
The elephant is almost dead.
You completely miss the elephant. You hit the elephant but do no damage.
You hit the elephant but do no damage.
The elephant is almost dead.
You hit the elephant but do no damage. x2
You completely miss the elephant.
The elephant is moderately wounded.
You hit the elephant. You freeze the elephant.
You hit the elephant but do no damage.
Your extra speed is starting to run out.
The elephant tramples you.
* * * LOW HITPOINT WARNING * * *
You hold your ground!
The elephant trunk-slaps you.
You die...

#...## .
#...#
##.Y#
#..##
#...#
##..##
##††###
##YY.###
#@Y...#
##......#
#P.÷...
#.....
#####


You could see 4 elephants.

Vanquished Creatures
  2 polar bears
  A blink frog (Lair:1)
  Prince Ribbit (Lair:1)
  2 wyverns
  19 yaks
  A basilisk (D:9)
  An acid dragon (D:9)
  8 water moccasins
  An orc warrior (D:9)
  2 sky beasts
  8 wolves
  3 centaurs
  2 kobold brigands (D:9)
  4 bullfrogs
  A gnoll sergeant (D:8)
  2 scorpions
  A wight (D:6)
  4 electric eels (Lair:2)
  A gnoll bouda (D:7)
  3 hounds
  2 jellies
  An iguana (D:6)
  2 orc wizards
  10 adders
  7 gnolls
  An ufetubus (D:6)
  A dart slug (D:4)
  4 orcs
  8 ball pythons
  6 endoplasms
  2 giant cockroaches (D:2)
  9 goblins
  5 hobgoblins
  4 quokkas
  3 bats (D:3)
  3 frilled lizards (D:1)
  14 kobolds
  3 rats
152 creatures vanquished.

Vanquished Creatures (collateral kills)
  2 hydras (Lair:3)
  2 two-headed ogres
  A skyshark (Lair:3)
  A salamander (Lair:2)
  2 black mambas
  2 cane toads
  A komodo dragon (Lair:1)
  Grinder (D:5)
  A snapping turtle (Lair:2)
  2 blink frogs (Lair:1)
  20 yaks
  A basilisk (D:9)
  3 wyverns
  A steam dragon (D:7)
  3 orc warriors
  3 water moccasins
  2 wolves
  2 centaurs
  A kobold brigand (D:9)
  10 bullfrogs
  2 scorpions (D:4)
  2 wights (D:6)
  An electric eel (Lair:2)
  A howler monkey (D:4)
  3 lava snakes (Lair:2)
  5 orc priests
  A sleepcap (D:5)
  2 iguanas
  4 orc wizards
  3 gnolls
  4 adders
  An ufetubus (D:5)
  A worm (D:4)
  12 orcs
  An endoplasm (D:3)
  4 kobolds (D:9)
  A ball python (D:3)
109 creatures vanquished.

Vanquished Creatures (others)
  2 orc warriors (D:9)
  3 orc priests
  3 orc wizards
  17 orcs
25 creatures vanquished.

Grand Total: 286 creatures vanquished

Notes
Turn   | Place    | Note
-------+----------+-------------------------------------------
     0 | D:1      | PlopperPlops the Hill Orc Monk began the quest for the Orb.
     0 | D:1      | Reached XP level 1. HP: 19/19 MP: 1/1
   334 | D:1      | Reached XP level 2. HP: 17/27 MP: 2/2
   449 | D:1      | Found a faded altar of an unknown god.
   630 | D:1      | Prayed at the altar of an unknown god.
   630 | D:1      | Became a worshipper of Beogh the Brigand
   630 | D:1      | Reached * piety under Beogh
   630 | D:1      | Reached ** piety under Beogh
   829 | D:2      | Reached *** piety under Beogh
  1259 | D:2      | Reached XP level 3. HP: 33/33 MP: 3/3
  1772 | D:3      | Found Imipn's Distillery.
  1805 | D:3      | Bought a potion of heal wounds for 65 gold pieces
  2151 | D:3      | Reached skill level 5 in Axes
  2151 | D:3      | Reached XP level 4. HP: 41/41 MP: 4/4
  2541 | D:3      | Reached skill level 1 in Invocations
  2565 | D:3      | Reached XP level 5. HP: 47/47 MP: 5/5
  2588 | D:3      | Reached skill level 1 in Armour
  3672 | D:4      | Reached skill level 5 in Fighting
  3672 | D:4      | Reached XP level 6. HP: 56/56 MP: 7/7
  3672 | D:4      | Found a large runed translucent door.
  3673 | D:4      | Found a large runed translucent door.
  3697 | D:4      | Found a large runed translucent door.
  3697 | D:4      | Found a large runed translucent door.
  3718 | D:4      | Identified the +1 hand axe "Giantbane" {flame, *Rage rElec
                  | MP+9 Str+2}
  4089 | D:4      | Reached XP level 7. HP: 52/61 MP: 9/9
  4948 | D:5      | Entered Level 5 of the Dungeon
  4949 | D:5      | Noticed Grinder
  4958 | D:5      | Paralysed by Grinder for 3 turns
  4962 | D:5      | Killed Grinder
  5705 | D:6      | Reached XP level 8. HP: 70/70 MP: 11/11
  5728 | D:6      | Gained Agrik as an ally
  5730 | D:6      | Reached **** piety under Beogh
  6008 | D:6      | Found a staircase to the Ecumenical Temple.
  6158 | D:6      | Reached skill level 5 in Invocations
  6344 | D:6      | Found a runed translucent gate.
  6344 | D:6      | Found a runed translucent gate.
  6345 | D:6      | Found a runed translucent gate.
  6348 | D:6      | Noticed a spectral unseen horror
  6348 | D:6      | Noticed comborobin's ghost (weakling SpDe)
  7115 | D:7      | Found a burning altar of Makhleb.
  7460 | D:7      | Found a blossoming altar of Fedhas.
  7461 | D:7      | Found a stormy altar of Qazlal.
  7855 | D:7      | Reached skill level 10 in Axes
  7855 | D:7      | Reached XP level 9. HP: 68/79 MP: 13/13
  7857 | D:7      | Gained Grimold as an ally
  7861 | D:7      | Reached skill level 5 in Armour
  9300 | D:8      | Gained Milork as an ally
  9418 | D:8      | Your ally Milork died
  9440 | D:8      | Identified the +0 pair of boots of Vehumet's Generosity
                  | {+Blink Str+5}
  9554 | D:8      | Found a hazy altar of Hepliaklqana.
  9556 | D:8      | Found a radiant altar of Vehumet.
  9556 | D:8      | Found a glowing golden altar of the Shining One.
  9762 | D:9      | Gained Okrist as an ally
  9871 | D:9      | Found a staircase to the Lair.
  9882 | D:9      | Gained Spirok as an ally
  9889 | D:9      | Reached XP level 10. HP: 73/90 MP: 3/15
 10171 | D:9      | Your ally Grimold died
 10184 | D:9      | Noticed a two-headed ogre
 10185 | D:9      | Killed a two-headed ogre
 10188 | D:9      | Your ally Okrist died
 10290 | D:9      | Found a roughly hewn altar of Beogh.
 10294 | D:9      | Found a staircase to the Orcish Mines.
 10888 | D:9      | Gained Brunolf as an ally
 11538 | D:8      | Identified a scroll of acquirement
 11538 | D:8      | Acquired a manual of Invocations
 11812 | D:10     | Entered Level 10 of the Dungeon
 11821 | D:10     | Noticed a two-headed ogre
 11833 | D:10     | Gained Wargath as an ally
 11836 | D:10     | Killed a two-headed ogre
 11837 | D:10     | Reached skill level 10 in Fighting
 11837 | D:10     | Reached skill level 10 in Invocations
 12764 | Lair:1   | Entered Level 1 of the Lair of Beasts
 12847 | Lair:1   | Reached XP level 11. HP: 99/99 MP: 18/18
 12887 | Lair:1   | Noticed Prince Ribbit
 12899 | Lair:1   | Killed Prince Ribbit
 13941 | Lair:1   | Identified the amulet "Neodd" {RegenMP Dex+3}
 15377 | Lair:2   | Found a staircase to the Snake Pit.
 15377 | Lair:2   | Noticed a salamander
 15388 | Lair:2   | Killed a salamander
 16119 | Lair:2   | Found a staircase to the Shoals.
 16388 | Lair:3   | Noticed an eight-headed hydra
 16394 | Lair:3   | Killed a nine-headed hydra
 16440 | Lair:3   | Noticed a skyshark
 16444 | Lair:3   | Your ally Brunolf died
 16444 | Lair:3   | Killed a skyshark
 16867 | Lair:3   | Noticed a four-headed hydra
 16875 | Lair:3   | Killed a nine-headed hydra
 16876 | Lair:3   | Reached XP level 12. HP: 107/110 MP: 22/22
 16918 | Lair:3   | Reached skill level 10 in Armour
 17050 | Lair:3   | You fall into a shaft and drop 2 floors!
 17050 | Lair:5   | Entered Level 5 of the Lair of Beasts
 17064 | Lair:5   | Noticed a skyshark
 17068 | Lair:5   | Noticed a death yak
 17075 | Lair:5   | Noticed a four-headed hydra
 17076 | Lair:5   | Noticed a death yak
 17078 | Lair:5   | Noticed a death yak
 17137 | Lair:5   | HP: 4/112 [elephant (7)]
 17145 | Lair:5   | HP: 1/112 [elephant (4)]
 17145 | Lair:5   | Slain by an elephant

Illustrated notes

Levels and vault maps discovered:
D:1:      minmay_arrival_loop, layout_basic, shapermc_ecumenical_altar_petra,
          ebering_dispersal_statue_hall
D:2:      layout_basic, serial_forest, infiniplex_forest_clump_diagonal,
          infiniplex_forest_straight_1, infiniplex_forest_lined_room_3,
          infiniplex_forest_lined_room_3, infiniplex_forest_straight_2
D:3:      kennysheep_six_static_rooms, layout_basic, serial_shops,
          nicolae_shop_window_shopping, minmay_snake_closets
D:4:      layout_basic, minmay_hollow_rounded_squares
D:5:      layout_rooms, uniq_grinder
D:6:      layout_loops_ring, temple_green, gammafunk_ghost_necromancy
D:7:      layout_basic, grunt_temple_overflow_open
D:8:      layout_basic, minitemple
D:9:      layout_gridville, minmay_lair_entry_grove, david_orc_5,
          minmay_misc_feat_rugged, hangedman_decor_diamond_cutter
D:10:     layout_cave_pools
Lair:1:   layout_cave_pods, uniq_prince_ribbit2
Lair:2:   layout_hall_layers, minmay_shoals_entry_hut,
          nicolae_snake_entry_warm_welcome, eino_small_chamber_without_monster,
          serial_bayou_lake_a, lemuel_fruit_tree
Lair:3:   layout_gridlike, infiniplex_staircase_pool_2
Lair:5:   grunt_lair_end_beastmaster, layout_misc_corridors,
          minmay_slime_entry_pillars, st_stairs_11, serial_bayou_pond_b,
          serial_bayou_lagoon_a, dpeg_oklob_1

Skill      XL: |  1  2  3  4  5  6  7  8  9 10 11 12 |
---------------+-------------------------------------+-----
Fighting       | 4 5 6 7 8 10 11 | 11.9
Dodging        | 3 |  3.0
Axes           | 5 6 7 8 10 11 12 14 | 14.2
Invocations    | 1 2 3 4 5 7 10 13 14 | 14.1
Armour         | 1 2 3 4 6 8 9 10 | 10.1

Action                     |  1- 3 |  4- 6 |  7- 9 | 10-12 || total
---------------------------+-------+-------+-------+-------++-------
  Melee: Hand axe          |    88 |    48 |    85 |   286 ||   507
 Invoke: Smiting           |       |     1 |     6 |     6 ||    13
         Recall Orcish Fol |       |       |       |     7 ||     7
Ability: Evoke Blink       |       |       |       |     1 ||     1
    Use: Potion            |       |     3 |       |     5 ||     8
         Scroll            |       |       |       |    29 ||    29
   Stab: Distracted        |       |       |     1 |     5 ||     6
 Armour: Robe              |    30 |       |       |       ||    30
         Chain mail        |    27 |    46 |    91 |   188 ||   352
  Dodge: Dodged            |    51 |    34 |    45 |   135 ||   265
